 Dungeon Crawl Stone Soup version 0.30.1-1-g62c8e00024 (webtiles) character file.

Game seed: 17002124673641331705

4757 Wiggles the Severer (level 10, -2/80 HPs)
             Began as a Minotaur Berserker on July 17, 2023.
             Was a High Priest of Trog.
             Succumbed to Grum's poison
             ... on level 9 of the Dungeon.
             The game lasted 00:12:18 (6565 turns).

Wiggles the Severer (Minotaur Berserker)            Turns: 6565, Time: 00:12:19

Health: -2/80      AC: 12    Str: 26    XL:     10   Next: 23%
Magic:  9/9        EV:  9    Int:  4    God:    Trog [*****.]
Gold:   585        SH:  5    Dex: 10    Spells: 9/9 levels left

rFire   . . .        a - +1 hand axe
rCold   . . .        r - +0 buckler
rNeg    . . .        c - +0 chain mail
rPois   .            (helmet restricted)
rElec   .            (no cloak)
rCorr   .            h - +2 pair of gloves
SInv    .            (no boots)
Will    .....        o - amulet of regeneration Stlth
                     (no ring)
HPRegen 1.13/turn    (no ring)
MPRegen 0.11/turn

%: no passive effects
@: lethally poisoned (-2 -> -10)
A: horns 2, retaliatory headbutt
a: Renounce Religion, Berserk, Trog's Hand, Brothers in Arms


You were on level 9 of the Dungeon.
You worshipped Trog.
Trog was extremely pleased with you.
You visited 1 branch of the dungeon, and saw 9 of its levels.

You collected 585 gold pieces.

Inventory:

Hand Weapons
 a - a +1 hand axe (weapon)
Missiles
 l - a throwing net
 t - 6 boomerangs
 y - 4 silver boomerangs (quivered)
Armour
 c - a +0 chain mail (worn)
 h - a +2 pair of gloves (worn)
 r - a +0 buckler (worn)
Jewellery
 o - an amulet of regeneration (around neck)
 x - an amulet of guardian spirit
 B - a ring of ice
Wands
 w - a wand of polymorph (6)
Scrolls
 k - 5 scrolls of teleportation
 m - a scroll of enchant weapon
 n - 3 scrolls of enchant armour
 q - 2 scrolls of fog
Potions
 b - 2 potions of magic
 d - 3 potions of brilliance
 e - 6 potions of heal wounds
 f - a potion of berserk rage
 g - 2 potions of mutation
 i - 2 potions of flight
 j - 8 potions of curing
 p - a potion of attraction
 s - a potion of cancellation {unknown}
 u - a potion of lignification {unknown}
 v - a potion of might {unknown}
 z - a potion of invisibility {unknown}


   Skills:
 - Level 4.8 Fighting
 + Level 16.1 Axes
 + Level 2.1 Throwing
 - Level 4.1 Armour
 - Level 2.7 Dodging
 + Level 5.3 Shields


You had 9 spell levels left.
You didn't know any spells.
Your spell library was empty.

Dungeon Overview and Level Annotations

Branches:
Dungeon (9/15)             Temple (0/1) D:6
   Lair: D:8-11         Orc: D:9-12

Altars:
Ashenzari
Dithmenos
Elyvilon
Kikubaaqudgha
Nemelex Xobeh
Ru
Vehumet
Yredelemnul
The Shining One

Annotations:
D:5 2 runed translucent doors, cheesebisquit's ghost, novice BaWr
D:9 Grum


Innate Abilities, Weirdness & Mutations

You have a pair of horns on your head.
You reflexively headbutt those who attack you in melee.


Message History

The wolf is severely wounded.
You feel very sick. The wolf bites you but does no damage.
The wolf closely misses you.
You hit the wolf. You headbutt the wolf!
You kill the wolf!
Trog accepts your kill.
You feel very sick. Grum hits you but does no damage.
You are more poisoned.
You feel very sick.
Grum hits you from afar with a -2 spear of venom!
You feel very sick.
Grum stares intently and grunts.
Grum hits you but does no damage.
You are more poisoned.
You see here a wolf corpse.
You feel very sick. Grum hits you with a -2 spear of venom!
* * * LOW HITPOINT WARNING * * *
You are lethally poisoned!
You closely miss Grum.
* * * LOW HITPOINT WARNING * * *
You feel very sick. You block Grum's attack.
You slash Grum!
Grum is lightly wounded.
* * * LOW HITPOINT WARNING * * *
You feel very sick.
You hit Grum. Your headbutt misses Grum.
Grum is moderately wounded.
* * * LOW HITPOINT WARNING * * *
You feel very sick. You block Grum's attack.
You slash Grum! You headbutt Grum.
Grum is heavily wounded.
* * * LOW HITPOINT WARNING * * *
You feel very sick.
You hit Grum but do no damage. Your headbutt misses Grum.
Grum is heavily wounded.
You die...

.....###########
..............## +.
...............## ###.
................#
..... ...............#
...#.##..........))..#
......#..........)<)##
......g@............#
...###.†............#
##............##
#...###.###...#
##...#....#####
#.#......#
#.##.........
.........#.##
.##.....###.#


You could see Grum.

Vanquished Creatures
  An unseen horror zombie (D:8)
  A wyvern (D:7)
  An acid dragon (D:8)
  A water moccasin (D:7)
  5 sky beasts
  2 ice beasts (D:6)
  A black bear (D:6)
  4 wolves (D:9)
  3 centaurs
  A phantom (D:6)
  Blork the orc (D:6)
  3 kobold brigands
  3 wyvern zombies (D:8)
  2 bullfrogs (D:7)
  3 scorpions
  15 wights
  3 killer bees (D:8)
  3 howler monkeys
  2 hounds (D:5)
  3 orc priests
  5 centaur zombies (D:8)
  A gnoll bouda (D:7)
  A jelly (D:6)
  A sleepcap (D:8)
  2 iguanas
  5 orc wizards
  2 killer bee zombies (D:8)
  5 howler monkey zombies (D:8)
  6 gnolls (D:7)
  13 adders
  2 shadow imps (D:5)
  2 white imps
  2 ufetubi
  2 worms
  2 dart slugs
  9 orcs
  9 ball pythons
  8 endoplasms
  3 giant cockroaches
  7 hobgoblins
  3 jackals (D:1)
  3 bats
  2 frilled lizards (D:1)
  8 goblins
  20 kobolds
  2 rats
183 creatures vanquished.

Notes
Turn   | Place    | Note
-------+----------+-------------------------------------------
     0 | D:1      | Wiggles the Minotaur Berserker began the quest for the Orb.
     0 | D:1      | Reached XP level 1. HP: 19/19 MP: 0/0
   213 | D:1      | Reached XP level 2. HP: 27/27 MP: 1/1
   215 | D:1      | Reached skill level 4 in Axes
   991 | D:2      | Reached XP level 3. HP: 32/33 MP: 2/2
   992 | D:2      | Reached ** piety under Trog
  1205 | D:2      | Reached XP level 4. HP: 37/41 MP: 3/3
  1299 | D:2      | Reached skill level 5 in Axes
  1362 | D:2      | Found a sparkling altar of Nemelex Xobeh.
  1754 | D:3      | Found an ancient bone altar of Kikubaaqudgha.
  1925 | D:3      | Reached XP level 5. HP: 47/47 MP: 4/4
  1929 | D:3      | Reached *** piety under Trog
  2106 | D:3      | Found a faded altar of an unknown god.
  2196 | D:4      | Found a glowing golden altar of the Shining One.
  2773 | D:5      | Entered Level 5 of the Dungeon
  2776 | D:5      | Found a runed translucent door.
  2820 | D:5      | Reached skill level 6 in Axes
  2856 | D:5      | Reached XP level 6. HP: 55/55 MP: 5/5
  2905 | D:5      | Found a broken altar of Ashenzari.
  3300 | D:5      | Reached skill level 7 in Axes
  3398 | D:5      | Found a runed translucent door.
  3399 | D:5      | Noticed cheesebisquit's ghost (novice BaWr)
  3598 | D:5      | Reached skill level 8 in Axes
  3598 | D:5      | Reached skill level 1 in Throwing
  3598 | D:5      | Reached XP level 7. HP: 56/60 MP: 6/6
  3888 | D:6      | HP: 3/60 [kobold brigand/+0 dagger (6)]
  3966 | D:6      | Reached skill level 9 in Axes
  3980 | D:6      | Found a staircase to the Ecumenical Temple.
  4146 | D:6      | Reached skill level 10 in Axes
  4227 | D:6      | Reached skill level 1 in Shields
  4227 | D:6      | Reached XP level 8. HP: 67/67 MP: 7/7
  4317 | D:6      | Noticed Blork the orc
  4329 | D:6      | Killed Blork the orc
  4343 | D:6      | Found a basalt altar of Yredelemnul.
  4403 | D:6      | Reached skill level 11 in Axes
  4430 | D:6      | Found a white marble altar of Elyvilon.
  4668 | D:7      | Reached skill level 12 in Axes
  4817 | D:7      | Found a sacrificial altar of Ru.
  4899 | D:7      | Reached XP level 9. HP: 73/73 MP: 8/8
  4905 | D:7      | Reached skill level 13 in Axes
  5148 | D:7      | Found the +8 trident of the Octopus King {venom, rElec
                  | rPois}
  5198 | D:7      | Found a radiant altar of Vehumet.
  5631 | D:8      | Reached skill level 14 in Axes
  5694 | D:8      | Reached **** piety under Trog
  5960 | D:8      | Found a shadowy altar of Dithmenos.
  5973 | D:8      | Reached skill level 15 in Axes
  6206 | D:8      | Reached XP level 10. HP: 33/80 MP: 9/9
  6512 | D:9      | Reached skill level 5 in Shields
  6543 | D:9      | Noticed Grum
  6549 | D:9      | Reached ***** piety under Trog
  6551 | D:9      | Reached skill level 16 in Axes
  6563 | D:9      | HP: 3/80 [poisoned by Grum]
  6564 | D:9      | HP: 1/80 [poisoned by Grum]
  6565 | D:9      | Succumbed to Grum's poison

Illustrated notes

Levels and vault maps discovered:
D:1:      scummos_arrival_star, layout_loops_corners
D:2:      layout_rooms, basic_altar, minmay_misc_feat_four_crosses
D:3:      layout_basic, amcnicky_altar_gilded,
          shapermc_ecumenical_altar_mp_vishouse
D:4:      layout_basic, tso_metal_star, dreamdust_princess_corridor
D:5:      minmay_skewed_foursquare, layout_loops_ring,
          nicolae_ashenzari_skybound, ebering_ghost_sewer_f
D:6:      layout_loops_ring, kennysheep_ying_yang,
          minmay_temple_entry_offerings, uniq_blork_the_orc
D:7:      layout_basic, mainiacjoe_overflow_boulevard, kennysheep_mini_moat,
          chequers_serial_rivers_micro_e, minmay_starry_boxes
D:8:      layout_cave_pools, nicolae_dithmenos_through_a_glass_darkly,
          serial_undead, serial_undead_f, serial_undead_f, serial_undead_a,
          serial_undead_e, serial_undead_b, serial_undead_f, serial_undead_c,
          serial_undead_c, serial_undead_c, serial_undead_d, minivault_25,
          st_stairs_1, minivault_1
D:9:      layout_rooms, mainiacjoe_overflow_surrounded_room,
          nicolae_overflow_hidden_temple, gammafunk_ghost_arena,
          minmay_fractal_squares_5, uniq_erica, uniq_grum

Skill      XL: |  1  2  3  4  5  6  7  8  9 10 |
---------------+-------------------------------+-----
Axes           | 4 5 6 8 10 12 15 16 | 16.1
Fighting       | 4 |  4.8
Armour         | 3 4 |  4.1
Throwing       | 1 2 |  2.1
Shields        | 1 2 4 5 |  5.3
Dodging        | |  2.7

Action                     |  1- 3 |  4- 6 |  7- 9 | 10-12 || total
---------------------------+-------+-------+-------+-------++-------
  Melee: Hand axe          |    78 |   148 |   317 |    36 ||   579
         Headbutt          |     9 |    17 |    60 |     8 ||    94
         Punch             |     1 |       |       |       ||     1
  Throw: Boomerang         |       |     4 |       |       ||     4
 Invoke: Berserk           |       |       |     4 |     1 ||     5
    Use: Scroll            |       |       |    18 |     1 ||    19
 Armour: Chain mail        |    47 |    67 |   159 |    19 ||   292
  Dodge: Dodged            |    28 |    74 |   130 |    15 ||   247
  Block: Buckler           |       |     7 |    52 |     5 ||    64
